 Dungeon Crawl Stone Soup version 0.31-a0-216-g22e908daa7 (webtiles) character file.

Game seed: 4417495184561952249

84 qw the Shooter (level 4, -1/26 HPs)
             Began as a Gargoyle Hexslinger on July 2, 2023.
             Slain by an orc priest
             ... wielding a +0 flail
              (5 damage)
             ... on level 3 of the Dungeon.
             The game lasted 00:00:39 (1642 turns).

qw the Shooter (Gargoyle Hexslinger)                Turns: 1642, Time: 00:00:40

Health: -1/26      AC:  6    Str: 11    XL:     4   Next: 46%
Magic:  5/5        EV: 11    Int: 14    God:
Gold:   39         SH:  0    Dex: 14    Spells: 4/5 levels left

rFire   . . .        Y - +1 sling
rCold   . . .        (no shield)
rNeg    + . .        f - +0 leather armour
rPois   inf          (no helmet)
rElec   +            (no cloak)
rCorr   .            (no gloves)
SInv    .            (no boots)
Will    .....        (no amulet)
Stlth   +            (no ring)
HPRegen 0.24/turn    (no ring)
MPRegen 0.09/turn

%: no passive effects
@: no status effects
A: sickness immunity, AC +3, negative energy resistance 1, electricity
resistance, torment resistance 1, petrification resistance
a: no special abilities


You were on level 3 of the Dungeon.
You visited 1 branch of the dungeon, and saw 3 of its levels.

You collected 85 gold pieces.
You spent 46 gold pieces at shops.


Innate Abilities, Weirdness & Mutations

You are immune to sickness and miasma.
Your stone body is resilient. (AC +3)
You are immune to poison.
You resist negative energy. (rN+)
You are resistant to electric shocks. (rElec)
You are resistant to unholy torment.
You are immune to petrification.


   Skills:
 - Level 2.0 Fighting
 + Level 4.2 Ranged Weapons
 - Level 1.5 Dodging
 - Level 1.0 Spellcasting
 - Level 2.6 Hexes


You had 4 spell levels left.
You knew the following spells:

 Your Spells              Type           Power      Damage    Failure   Level
a - Slow                  Hex            32%        N/A       12%         1

Your spell library contained the following spells:

 Spells                   Type           Power      Damage    Failure   Level
 Inner Flame              Hex/Fire       4%         N/A       52%         3
 Portal Projectile        Hex/Tloc       8%         N/A       52%         3
 Cause Fear               Hex            4%         N/A       75%         4

Inventory:

Hand Weapons
 Y - a +1 sling (weapon)
Armour
 a - a +0 pair of boots
 c - a +0 pair of gloves
 f - a +0 leather armour (worn)
Scrolls
 d - a scroll of brand weapon {unknown}
Potions
 b - a potion of haste {unknown}
 e - 5 potions of enlightenment
 g - a potion of curing

Dungeon Overview and Level Annotations

Branches:
Dungeon (3/15)

Altars:

Shops:
D:2 [


Message History

You shoot a sling bullet.
The sling bullet barely misses the worm.
The worm completely misses you.
You shoot a sling bullet. The sling bullet hits the worm.
The worm is almost dead.
The worm bites you.
You shoot a sling bullet. The sling bullet hits the worm.
You kill the worm!
You start resting.
HP restored.
You open the door.
An orc priest and 2 orcs come into view.
An orc is wielding a +0 short sword of venom.
Enter note:
Enter note:
Enter note:
Enter note: You shoot a sling bullet.
The sling bullet hits the orc.
The orc is almost dead.
The orc priest shouts!
The orc shouts!
You hear a shout! x2
An orc comes into view. It is wielding a +0 mace.
The orc completely misses you.
You shoot a sling bullet. The sling bullet barely misses the orc.
An orc priest comes into view. It is wielding a +0 dagger.
The orc hits you but does no damage.
You shoot a sling bullet. The sling bullet hits the orc.
You kill the orc!
The orc priest hits you with a +0 flail.
You shoot a sling bullet.
The sling bullet barely misses the orc priest.
The orc priest hits you with a +0 flail!
The orc priest mumbles some strange prayers to Beogh against you.
Pain shoots through your body! The orc closely misses you.
You shoot a sling bullet. The sling bullet hits the orc priest.
The orc priest is moderately wounded.
The orc hits you but does no damage.
The orc priest invokes the aid of Beogh against you.
Beogh smites you!
The orc priest hits you with a +0 flail.
You die...

<....#.#....#
#####..#.#### #
##.##.#### ##
#..##....#
.###.######.#
.##..# #.#####
..#.## #.....#
#.#.#
######.########
#>..#
#.....o@o......
#.###
###+###o###+###
#.# .o. #.#
..... #.#
###+### #.# #.#
..


You could see 2 orc priests and 2 orcs.

Vanquished Creatures
  2 adders (D:3)
  2 worms
  A dart slug (D:1)
  An orc (D:3)
  3 bats
  5 endoplasms
  3 giant cockroaches
  4 goblins
  9 hobgoblins
  5 quokkas
  4 ball pythons
  A frilled lizard (D:1)
  4 kobolds
  7 rats
51 creatures vanquished.

Notes
Turn   | Place    | Note
-------+----------+-------------------------------------------
     0 | D:1      | qw the Gargoyle Hexslinger began the quest for the Orb.
     0 | D:1      | Reached XP level 1. HP: 12/12 MP: 2/2
     0 | D:1      | 0 ||| qw: Version: 0.3-a-39-g4513739
     0 | D:1      | 0 ||| qw: Game counter: 7911
     0 | D:1      | 0 ||| qw: Melee chars always use a shield: true
     0 | D:1      | 0 ||| qw: God list: Okawaru
     0 | D:1      | 0 ||| qw: Allow faded altars: false
     0 | D:1      | 0 ||| qw: Do Orc after clearing Dungeon:15 true
     0 | D:1      | 0 ||| qw: Do second Lair branch before Depths: true
     0 | D:1      | 0 ||| qw: Lair rune preference: random
     0 | D:1      | 0 ||| qw: Goals: Normal
     0 | D:1      | 0 ||| PLANNING D:1-11
   158 | D:1      | Reached XP level 2. HP: 16/16 MP: 3/3
   203 | D:1      | Reached skill level 3 in Ranged Weapons
   320 | D:1      | Reached XP level 3. HP: 21/21 MP: 4/4
   618 | D:1      | 618 ||| READING scroll labelled ACURAS OMOYQEU.
   619 | D:1      | 619 ||| READING scroll labelled SINUGOW OMIVA.
   720 | D:1      | 720 ||| DRINKING 2 smoky amethyst potions.
   721 | D:1      | 721 ||| DROPPING scroll of poison.
  1093 | D:2      | Found Beshe's Antique Armour Shoppe.
  1096 | D:2      | 1096 ||| SHOPLISTING embroidered robe (85 gold, have 46).
  1096 | D:2      | 1096 ||| SHOPLISTING glowing robe (85 gold, have 46).
  1096 | D:2      | 1096 ||| BUYING leather armour (46 gold).
  1096 | D:2      | Bought a leather armour for 46 gold pieces
  1096 | D:2      | 1096 ||| SHOPLISTING ring mail (92 gold, have 0).
  1266 | D:2      | 1266 ||| UPGRADING to +0 leather armour.
  1276 | D:2      | 1276 ||| DROPPING +0 robe.
  1277 | D:2      | 1277 ||| READING scroll labelled SEDGHI WECAUVVI.
  1278 | D:2      | 1278 ||| DRINKING 2 fizzy green potions.
  1404 | D:3      | Reached XP level 4. HP: 26/26 MP: 5/5
  1452 | D:3      | Reached skill level 4 in Ranged Weapons
  1493 | D:3      | Found a faded altar of an unknown god.
  1642 | D:3      | HP: 4/26 [orc priest/divine providence (10)]
  1642 | D:3      | Slain by an orc priest

Levels and vault maps discovered:
D:1:      dpeg_arrival_water_temple_mockup, layout_loops_ring
D:2:      layout_rooms, serial_shops, nicolae_shop_tiny_real_fake_doors
D:3:      layout_basic, mainiacjoe_overflow_24_doors,
          hellmonk_ecumenical_altar_zigzags

Skill      XL: |  1  2  3  4 |
---------------+-------------+-----
Ranged Weapons | 3 4 |  4.2
Fighting       | 2 |  2.0
Dodging        | |  1.5
Spellcasting   | |  1.0
Hexes          | |  2.6

Action                     |  1- 3 |  4- 6 || total
---------------------------+-------+-------++-------
   Fire: Sling             |   133 |    47 ||   180
    Use: Scroll            |     3 |       ||     3
         Potion            |     2 |       ||     2
 Armour: Robe              |    17 |       ||    17
         Leather armour    |     8 |    10 ||    18
  Dodge: Dodged            |    32 |    10 ||    42

Table legend:
 A = Non-vault XP
 B = Vault XP
 C = Vault XP percentage of total XP
 D = Non-vault monster count
 E = Vault monster count
 F = Vault count percentage of total count
                 A         B        C        D         E       F
            +---------+---------+-------+---------+---------+-------
      Total |     121 |       0 |   0.0 |      51 |       0 |   0.0
            +---------+---------+-------+---------+---------+-------
        D:1 |      38 |       0 |   0.0 |      22 |       0 |   0.0
        D:2 |      25 |       0 |   0.0 |      13 |       0 |   0.0
        D:3 |      58 |       0 |   0.0 |      16 |       0 |   0.0
            +---------+---------+-------+---------+---------+-------
